[Event "Titled Tuesday Blitz March 21 Late 2023"]
[White "Manu_ChessExcelsior"]
[Black "Gallegos Diaz, Carlos Alberto"]
[BlackFideId "3900886"]
[WhiteElo "2071"]
[BlackElo "2362"]
[Result "1-0"]
[Round "10"]
[TimeControl "180+2"]
[Date "2023.03.21"]
[WhiteClock "0:00:58"]
[BlackClock "0:00:10"]

1. e4 d6 2. g3 Nf6 3. Bg2 e5 4. d3 Be7 5. Ne2 O-O 6. O-O c6 7. Nd2 Re8 8. f4 Nbd7 9. Nf3 Bf8 10. Kh1 h6 11. Be3 d5 12. Nxe5 Nxe5 13. fxe5 Ng4 14. Bg1 Nxe5 15. d4 Nc4 16. e5 Nxb2 17. Qc1 Nc4 18. Nf4 Qg5 19. Rb1 b6 20. Rb3 h5 21. Rbf3 Bg4 22. R3f2 Rad8 23. h3 Bc8 24. Bh2 h4 25. g4 Re7 26. Rf3 Qh6 27. R1f2 Rc7 28. Bf1 Re8 29. Bd3 b5 30. Qe1 g6 31. Rf1 Qg7 32. Qxh4 g5 33. Qf2 gxf4 34. Rxf4 Be6 35. Rf6 Be7 36. Qh4 Ne3 37. R1f3 c5 38. Bf4 Bxf6 39. exf6 Qh8 40. Qg5+ Kf8 41. Bd6+ Ree7 42. fxe7+ Ke8 43. Bxc7 c4 44. Bf5 Nxf5 45. gxf5 Bc8 46. f6 Qxh3+ 47. Rxh3 1-0


[Site "https://www.chess.com"]

[Event "Titled Tuesday Blitz March 21 Late 2023"]
[White "Vaglio Munoz, Jaime"]
[Black "Romero Ruscalleda, Josep"]
[WhiteFideId "6500145"]
[BlackFideId "2231859"]
[WhiteElo "2199"]
[BlackElo "2183"]
[Result "0-1"]
[Round "10"]
[TimeControl "180+2"]
[Date "2023.03.21"]
[WhiteClock "0:00:46"]
[BlackClock "0:00:53"]

1. Nf3 g6 2. b3 Bg7 3. d4 c5 4. Bb2 Nc6 5. e3 cxd4 6. exd4 d5 7. h3 Nf6 8. Bd3 O-O 9. O-O Nb4 10. Be2 Bf5 11. Na3 Rc8 12. c3 Nc6 13. Re1 Ne4 14. Nc2 e5 15. Ne3 exd4 16. Nxf5 dxc3 17. Ba3 gxf5 18. Bxf8 Bxf8 19. a3 Bc5 20. Rf1 d4 21. Bd3 Qf6 22. b4 Bd6 23. Re1 Re8 24. Qc2 Ne5 25. Bxe4 fxe4 26. Qxe4 Nxf3+ 27. Qxf3 Rxe1+ 28. Rxe1 Qxf3 29. gxf3 d3 30. Kf1 c2 31. Re8+ Kg7 32. Rc8 Bf4 33. Ke1 d2+ 34. Ke2 d1=Q# 0-1


[Site "https://www.chess.com"]

[Event "Titled Tuesday Blitz March 21 Late 2023"]
[White "chessjazda"]
[Black "Thiel, Thomas"]
[BlackFideId "4615964"]
[WhiteElo "2352"]
[BlackElo "2262"]
[Result "1/2-1/2"]
[Round "10"]
[TimeControl "180+2"]
[Date "2023.03.21"]
[WhiteClock "0:00:20"]
[BlackClock "0:00:28"]

1. e4 d5 2. exd5 Nf6 3. Nc3 Nxd5 4. Bc4 Nb6 5. Bb3 Nc6 6. h3 Bf5 7. d3 e6 8. Be3 Nd4 9. Nf3 Nxb3 10. axb3 Be7 11. O-O O-O 12. Qe2 Nd5 13. Rfe1 Nxe3 14. Qxe3 b6 15. Ra4 c5 16. Ne5 Bf6 17. g4 Bg6 18. f4 Bxe5 19. Qxe5 Qd7 20. Ne4 Bxe4 21. Qxe4 a5 22. Re2 Rad8 23. Qe5 Qc6 24. Rae4 Rd5 25. Qc3 Rfd8 26. Kh2 Rd4 27. Kg3 h6 28. Qe1 Qc7 29. Qf2 R8d5 30. Re5 Rxe5 31. fxe5 Qc6 32. Qf3 Qc7 33. Qe3 Rd5 34. Kg2 Qc6 35. Qe4 Qd7 36. Qf3 Rd4 37. Qa8+ Kh7 38. Qf3 g6 39. Rf2 Kg7 40. Qf6+ Kg8 41. g5 h5 42. Qf3 Qd5 43. Qxd5 Rxd5 44. Re2 Rd4 45. Re4 Rxe4 46. dxe4 Kf8 47. Kf3 Ke7 48. Ke3 Kd7 49. c4 Kc6 50. h4 b5 51. Kd3 b4 52. Kd2 Kb6 53. Kd3 a4 54. bxa4 Ka5 55. b3 Kb6 56. Ke3 Ka6 57. Kf4 Kb6 58. Ke3 Ka6 59. Kd2 Ka5 60. Kc2 Kb6 61. a5+ Kxa5 62. Kd3 Ka6 63. Kc2 Kb6 64. Kd3 Ka5 65. Kc2 Ka6 66. Kd3 Ka5 67. Kc2 Ka6 68. Kd3 Ka5 1/2-1/2


[Site "https://www.chess.com"]

[Event "Titled Tuesday Blitz March 21 Late 2023"]
[White "Szyszylo, Rafal"]
[Black "Gerbelli Neto, Eduardo"]
[WhiteFideId "1109626"]
[BlackFideId "2103281"]
[WhiteElo "1951"]
[BlackElo "2178"]
[Result "0-1"]
[Round "10"]
[TimeControl "180+2"]
[Date "2023.03.21"]
[WhiteClock "0:00:09"]
[BlackClock "0:00:41"]

1. e4 e5 2. d4 exd4 3. c3 dxc3 4. Bc4 Nc6 5. Nxc3 d6 6. Nf3 Nf6 7. Qb3 Qd7 8. Ng5 Ne5 9. Bb5 c6 10. f4 Neg4 11. Bc4 Nh6 12. O-O a6 13. e5 dxe5 14. fxe5 Bc5+ 15. Kh1 Nd5 16. Nxd5 cxd5 17. Bxd5 O-O 18. e6 Qb5 19. exf7+ Kh8 20. Bf4 Qxb3 21. axb3 a5 22. Ne4 Bb4 23. Rfc1 Nxf7 24. Bg3 h6 25. Rf1 Ng5 26. Rxf8+ Bxf8 27. Nxg5 hxg5 28. Rf1 Bc5 29. Rf7 Ra6 30. Be5 Be6 0-1


[Site "https://www.chess.com"]

[Event "Titled Tuesday Blitz March 21 Late 2023"]
[White "Kostiukov, Alexandr"]
[Black "lluiss"]
[WhiteFideId "14108100"]
[WhiteElo "2202"]
[BlackElo "2184"]
[Result "0-1"]
[Round "10"]
[TimeControl "180+2"]
[Date "2023.03.21"]
[WhiteClock "0:00:05"]
[BlackClock "0:00:16"]

1. e4 c5 2. Nf3 d6 3. d4 cxd4 4. Nxd4 Nf6 5. Nc3 g6 6. f3 Bg7 7. Be3 O-O 8. Qd2 Nc6 9. O-O-O d5 10. Nxc6 bxc6 11. exd5 Nxd5 12. Nxd5 cxd5 13. Qxd5 Qc7 14. Qc5 Qb7 15. Bd4 Bf5 16. Bxg7 Rfc8 17. Qxc8+ Rxc8 18. Bc3 Qb6 19. Bd3 Be6 20. a3 a5 21. h4 a4 22. h5 Rxc3 23. bxc3 Kg7 24. h6+ Kf6 25. Rde1 Qc5 26. Kb2 Qd5 27. c4 Qd4+ 28. Kc1 Bxc4 29. Bxc4 Qxc4 30. Re4 Qc3 31. Rhe1 Qxa3+ 32. Kd2 e6 33. R1e3 Qd6+ 34. Kc1 Qa6 35. Kb2 Qb5+ 36. Ka2 Kg5 37. g4 Kxh6 38. f4 Kg7 39. g5 Qd5+ 40. Ka3 Qc5+ 41. Kxa4 Qxc2+ 42. Kb4 Qb2+ 43. Kc4 h5 44. gxh6+ Kxh6 45. Kc5 Kg7 46. Kd6 Qd2+ 47. Ke7 Qa5 48. Re5 Qb4+ 49. Ke8 Qxf4 50. Re1 Qa4+ 51. Ke7 Qa7+ 52. Kd6 Qb8+ 53. Kc5 Qc7+ 54. Kd4 Qd6+ 55. Kc4 Qe7 56. R5e2 g5 57. Kd3 Kg6 58. Rg1 Qd6+ 59. Kc2 f6 60. Reg2 e5 61. Rg4 Qc5+ 62. Kd3 Qc8 63. Ke4 f5+ 64. Kxe5 fxg4 65. Rd1 Qe8+ 66. Kd4 Qd8+ 67. Ke3 Qxd1 68. Kf2 Qf3+ 69. Kg1 Qe2 70. Kh1 Kf5 0-1


[Site "https://www.chess.com"]

[Event "Titled Tuesday Blitz March 21 Late 2023"]
[White "Fernandez Hernandez, Gerardo"]
[Black "Smith, Garrett L"]
[WhiteFideId "2207400"]
[BlackFideId "2024829"]
[WhiteElo "2212"]
[BlackElo "2289"]
[Result "0-1"]
[Round "10"]
[TimeControl "180+2"]
[Date "2023.03.21"]
[WhiteClock "0:00:01"]
[BlackClock "0:00:12"]

1. e4 c5 2. d3 g6 3. g3 Bg7 4. Bg2 Nc6 5. f4 d6 6. Nf3 e5 7. O-O Nge7 8. f5 gxf5 9. Nh4 fxe4 10. dxe4 O-O 11. Nf5 Nxf5 12. exf5 Kh8 13. Nc3 Bf6 14. Qh5 Rg8 15. Ne4 d5 16. Nxf6 Qxf6 17. Bxd5 Nd4 18. Bxf7 Rg7 19. Bg6 Kg8 20. Be8 Bxf5 21. Bh6 Bg6 22. Bxg7 Qxf1+ 23. Rxf1 Bxh5 24. Bxh5 Kxg7 25. Rf7+ Kh6 26. Bd1 b6 27. c3 Nc6 28. Bf3 Kg6 0-1


[Site "https://www.chess.com"]

[Event "Titled Tuesday Blitz March 21 Late 2023"]
[White "Kovacevic, Radmila"]
[Black "Prieto Aranguren, Alain"]
[WhiteFideId "933171"]
[BlackFideId "2268906"]
[WhiteElo "2194"]
[BlackElo "2209"]
[Result "1-0"]
[Round "10"]
[TimeControl "180+2"]
[Date "2023.03.21"]
[WhiteClock "0:01:25"]
[BlackClock "0:01:58"]

1. e4 c6 2. d4 d5 3. exd5 cxd5 4. Bd3 Nc6 5. Ne2 Qc7 6. Bf4 Qb6 7. Nbc3 Nf6 8. Nb5 e5 9. dxe5 Ne4 10. Bxe4 dxe4 11. Nd6+ Bxd6 12. Qxd6 Qxb2 13. O-O Qxc2 14. Rfe1 Be6 15. Rac1 Qa4 16. Bg5 h6 17. Rxc6 hxg5 18. Rc7 Bd7 19. Nc3 1-0


[Site "https://www.chess.com"]

[Event "Titled Tuesday Blitz March 21 Late 2023"]
[White "Harish, Neeraj"]
[Black "Ricaurte Lopez, Juan Carlos"]
[WhiteFideId "30958130"]
[BlackFideId "3600327"]
[WhiteElo "1963"]
[BlackElo "2209"]
[Result "1-0"]
[Round "10"]
[TimeControl "180+2"]
[Date "2023.03.21"]
[WhiteClock "0:00:57"]
[BlackClock "0:00:07"]

1. e4 e5 2. Nf3 d5 3. Nxe5 Bd6 4. d4 dxe4 5. Nc4 Nf6 6. Be2 Nc6 7. O-O Nxd4 8. Nc3 O-O 9. Bg5 Bf5 10. Nd5 Bxh2+ 11. Kxh2 Qxd5 12. Bxf6 gxf6 13. Ne3 Qe5+ 14. Kg1 Bg6 15. Bc4 Rad8 16. Qg4 f5 17. Qg5 Kg7 18. Ng4 Qd6 19. Qh6+ Kh8 20. Ne3 c6 21. Rad1 Qe5 22. Qg5 Rfe8 23. c3 Ne6 24. Bxe6 Rxd1 25. Rxd1 Qxe6 26. Rd8 Rxd8 27. Qxd8+ Kg7 28. Qc7 b5 29. Qxa7 f4 30. Qd4+ f6 31. Nf1 Qd5 32. Qa7+ Kh6 33. Qe7 1-0


[Site "https://www.chess.com"]

[Event "Titled Tuesday Blitz March 21 Late 2023"]
[White "Stanisz, Patryk"]
[Black "Oliveira, Tiago Batista"]
[WhiteFideId "1123106"]
[BlackFideId "2108291"]
[WhiteElo "2069"]
[BlackElo "1962"]
[Result "1-0"]
[Round "10"]
[TimeControl "180+2"]
[Date "2023.03.21"]
[WhiteClock "0:00:46"]
[BlackClock "0:00:19"]

1. d4 Nf6 2. c4 g6 3. Nc3 d5 4. Nf3 Bg7 5. Qb3 dxc4 6. Qxc4 O-O 7. Bf4 Na6 8. e4 c5 9. dxc5 Be6 10. Qb5 Rc8 11. c6 Rxc6 12. Qxb7 Rb6 13. Qxa7 Nb4 14. Rc1 Rc6 15. Qa4 Bd7 16. Qxb4 Rb6 17. Qa3 Nxe4 18. Be3 Re6 19. Bc4 1-0


[Site "https://www.chess.com"]

[Event "Titled Tuesday Blitz March 21 Late 2023"]
[White "Li, Hui"]
[Black "salgadoLO"]
[WhiteFideId "15400310"]
[WhiteElo "1967"]
[BlackElo "2186"]
[Result "0-1"]
[Round "10"]
[TimeControl "180+2"]
[Date "2023.03.21"]
[WhiteClock "0:00:01"]
[BlackClock "0:00:10"]

1. e4 c5 2. Nf3 e6 3. d4 cxd4 4. Nxd4 Nc6 5. Nc3 Qc7 6. Be2 a6 7. O-O b5 8. Be3 Bb7 9. Nxc6 dxc6 10. f4 Nf6 11. Bf3 Be7 12. e5 Nd5 13. Nxd5 cxd5 14. c3 Bc5 15. Bxc5 Qxc5+ 16. Qd4 Qxd4+ 17. cxd4 Rc8 18. Rfc1 Kd7 19. Kf2 Rc4 20. Rxc4 bxc4 21. b3 cxb3 22. axb3 Rc8 23. Ra2 Rc3 24. Rb2 Rd3 25. Ke2 Rxd4 26. b4 Rxf4 27. b5 a5 28. Ke1 Rb4 29. Ra2 Rxb5 30. Be2 Rc5 31. Rb2 Bc6 32. Rb6 Kc7 33. Rb3 a4 34. Rh3 h6 35. Rg3 g6 36. Rf3 Be8 37. Rh3 h5 38. Kd2 Ra5 39. Ra3 Kb6 40. Kc3 Kc5 41. Bd3 d4+ 42. Kb2 Bb5 43. Bb1 Bc4 44. Rf3 a3+ 45. Ka1 Ra7 46. h3 a2 47. Bc2 Kd5 48. g4 hxg4 49. hxg4 Kxe5 50. g5 d3 51. Bxd3 Bxd3 52. Rxd3 Kf5 53. Rg3 e5 54. Rg1 e4 55. Re1 Ra4 56. Rg1 Ke6 57. Rf1 Ra5 58. Rf6+ Ke7 59. Rf4 Rxg5 60. Rxe4+ Kd6 61. Kxa2 Rb5 62. Rd4+ Ke5 63. Rd8 f5 64. Re8+ Kf4 65. Rc8 g5 66. Rc4+ Kg3 67. Ka3 f4 68. Ka4 Rb8 69. Rc5 g4 70. Rc3+ f3 71. Ka5 Kg2 72. Ka6 g3 73. Ka7 Rb1 74. Rc2+ f2 75. Rd2 Kg1 76. Rd3 g2 77. Ra3 f1=Q 78. Ra6 Ra1 79. Rxa1 Qxa1+ 80. Kb6 Qc1 0-1


[Site "https://www.chess.com"]

[Event "Titled Tuesday Blitz March 21 Late 2023"]
[White "rionelG"]
[Black "Stead, Kerry"]
[BlackFideId "3202577"]
[WhiteElo "2242"]
[BlackElo "1997"]
[Result "1-0"]
[Round "10"]
[TimeControl "180+2"]
[Date "2023.03.21"]
[WhiteClock "0:00:05"]
[BlackClock "0:00:01"]

1. e4 e5 2. Nf3 Nc6 3. d4 exd4 4. Nxd4 Bc5 5. Nxc6 Qf6 6. Qf3 Qxf3 7. gxf3 dxc6 8. Be3 Bb4+ 9. Nd2 Be6 10. Rg1 Kf8 11. a3 Bd6 12. f4 f6 13. Bc4 Bxc4 14. Nxc4 b6 15. Rd1 Rd8 16. Ke2 Kf7 17. e5 fxe5 18. Nxe5+ Kf8 19. Nxc6 Rd7 20. Nxa7 Nf6 21. Nb5 Ne8 22. c4 Re7 23. Kf3 Re6 24. b4 Kf7 25. Nd4 Rh6 26. f5 Rh3+ 27. Ke2 Rxh2 28. Ne6 Rh5 29. Rg5 Rh4 30. Rdg1 g6 31. Nd4 Rf8 32. fxg6+ hxg6 33. Rxg6 Ke7 34. Nc6+ Kd7 35. c5 bxc5 36. bxc5 Bf4 37. Nb8+ Kc8 38. Na6 Bxe3 39. fxe3 Nf6 40. Nb4 Ne4 41. c6 Kb8 42. Rg8 1-0


[Site "https://www.chess.com"]

[Event "Titled Tuesday Blitz March 21 Late 2023"]
[White "Barria Santos, Jose Guilherme"]
[Black "Clawitter, Craig"]
[WhiteFideId "1939300"]
[BlackFideId "2023105"]
[WhiteElo "2301"]
[BlackElo "2220"]
[Result "0-1"]
[Round "10"]
[TimeControl "180+2"]
[Date "2023.03.21"]
[WhiteClock "0:00:24"]
[BlackClock "0:00:11"]

1. d4 e6 2. c4 Nf6 3. Nc3 d5 4. Nf3 c6 5. e3 Nbd7 6. Be2 Bd6 7. c5 Bc7 8. b4 O-O 9. b5 e5 10. O-O Re8 11. dxe5 Nxe5 12. bxc6 bxc6 13. Bb2 Nfg4 14. h3 Nxf3+ 15. Bxf3 Ne5 16. Be2 Qe7 17. Qd4 Rb8 18. Rab1 Bf5 19. e4 dxe4 20. Nxe4 Qh4 21. Bd3 Rbd8 22. Nd6 Qxd4 23. Bxd4 Bxd3 24. Nxe8 Rxe8 25. Rb7 Bxf1 26. Rxc7 Ba6 27. Rxa7 Bc8 28. Rc7 Bf5 29. Bxe5 Rxe5 30. Rxc6 g6 31. a4 Re1+ 32. Kh2 Ra1 33. Ra6 Bd3 34. Ra8+ Kg7 35. c6 Be4 36. Ra6 Rc1 37. f3 Bxc6 38. a5 Bd7 39. Ra7 Be6 40. a6 Ra1 41. Ra8 Bc4 42. a7 Bd5 43. Rd8 Bb7 44. Rb8 Rxa7 45. Kg3 Bd5 46. f4 Be6 47. Kf3 h5 48. h4 Ra3+ 49. Kf2 Bd5 50. Rb2 Ra2 51. Rxa2 Bxa2 52. g3 Kf6 53. Ke3 Kf5 54. Kf3 Bd5+ 0-1


[Site "https://www.chess.com"]

[Event "Titled Tuesday Blitz March 21 Late 2023"]
[White "Picard, Romain"]
[Black "Marcolino, Daniel Mattos"]
[WhiteFideId "627216"]
[BlackFideId "2106841"]
[WhiteElo "2225"]
[BlackElo "2085"]
[Result "1-0"]
[Round "10"]
[TimeControl "180+2"]
[Date "2023.03.21"]
[WhiteClock "0:00:01"]
[BlackClock "0:00:02"]

1. e4 c6 2. d4 d5 3. e5 c5 4. Nf3 cxd4 5. Nxd4 Nc6 6. c4 Nxd4 7. Qxd4 dxc4 8. Qxd8+ Kxd8 9. Bxc4 e6 10. O-O Bc5 11. Rd1+ Ke7 12. Bg5+ f6 13. Bh4 Nh6 14. Nc3 Nf5 15. exf6+ gxf6 16. Bxf6+ Kxf6 17. Ne4+ Kf7 18. Nxc5 b6 19. Ne4 Ke7 20. Rd3 Bb7 21. Ng5 Rhg8 22. Re1 Rxg5 23. Rxe6+ Kf8 24. Rf6+ Kg7 25. Rf7+ Kg6 26. Rxb7 Re8 27. h3 Re2 28. Bf7+ Kf6 29. Bb3 Rxb2 30. Rf3 Kg6 31. Rxa7 Nd4 32. Rg3 Rxg3 33. fxg3 Nxb3 34. axb3 Rxb3 35. g4 b5 36. Kh2 b4 37. h4 Rc3 38. Ra6+ Kg7 39. Rb6 Rc4 40. Kh3 Rc3+ 41. g3 b3 42. g5 Kf7 43. h5 Kg7 44. Kh4 Kf7 45. g4 Rc2 46. Rxb3 Rh2+ 47. Kg3 Rc2 48. Rb7+ Kg8 49. Rb6 Rc3+ 50. Kh4 Rc1 51. g6 Rh1+ 52. Kg3 Rg1+ 53. Kf3 Rf1+ 54. Kg2 Rf4 55. Rb8+ Kg7 56. Kg3 Ra4 57. Rb7+ Kf6 58. Rf7+ Kg5 59. Rf5+ Kh6 60. gxh7 Kxh7 61. Kh4 Rb4 62. Rf6 Kg7 63. Ra6 Rb5 64. Ra7+ Kg8 65. Ra6 Kg7 66. Rc6 Kh7 67. Rc7+ Kg8 68. Rc6 Kg7 69. Rd6 Kh7 70. h6 Rc5 71. g5 Rb5 72. Kh5 Rc5 73. Rd7+ Kg8 74. Ra7 Rc8 75. Ra6 Kh8 76. Kg6 Rg8+ 77. Kh5 Rc8 78. Ra5 Rb8 79. g6 Rc8 80. Kg5 Rd8 81. h7 Rb8 82. Kh6 Rb7 83. Ra8+ 1-0


[Site "https://www.chess.com"]

[Event "Titled Tuesday Blitz March 21 Late 2023"]
[White "Firouzja, Alireza"]
[Black "Kramnik, Vladimir"]
[WhiteFideId "12573981"]
[BlackFideId "4101588"]
[WhiteElo "2904"]
[BlackElo "2712"]
[Result "1-0"]
[Round "11"]
[TimeControl "180+2"]
[Date "2023.03.21"]
[WhiteClock "0:00:03"]
[BlackClock "0:00:01"]

1. d4 Nf6 2. Nc3 d5 3. Bf4 c6 4. Qd3 g6 5. f3 b5 6. a3 a5 7. e4 Na6 8. e5 Nh5 9. Be3 Ng7 10. Qd2 Nf5 11. Bf2 h5 12. Bd3 Bh6 13. f4 O-O 14. Nf3 b4 15. Ne2 c5 16. dxc5 Qc7 17. axb4 Nxb4 18. O-O Rb8 19. Ned4 Nxd4 20. Nxd4 Nxd3 21. cxd3 Rb4 22. Be3 Bg7 23. Rac1 f6 24. e6 f5 25. Qf2 Rf6 26. Rfe1 a4 27. Rc2 Rf8 28. h3 Ba6 29. Rd1 Rfb8 30. Rdd2 a3 31. bxa3 Rb1+ 32. Kh2 Ra1 33. Qg3 Kh7 34. Rb2 Rxb2 35. Rxb2 Bxd3 36. c6 Ba6 37. Rd2 Rxa3 38. Nf3 Bf6 39. Bd4 Kg7 40. Bxf6+ exf6 41. Rc2 Re3 42. Kg1 Bd3 43. Rb2 Qxc6 44. Qf2 Rxe6 45. Nd4 Qc1+ 46. Kh2 1-0


[Site "https://www.chess.com"]

[Event "Titled Tuesday Blitz March 21 Late 2023"]
[White "Sjugirov, Sanan"]
[Black "Svane, Rasmus"]
[WhiteFideId "4189302"]
[BlackFideId "4657101"]
[WhiteElo "2569"]
[BlackElo "2597"]
[Result "0-1"]
[Round "11"]
[TimeControl "180+2"]
[Date "2023.03.21"]
[WhiteClock "0:00:01"]
[BlackClock "0:00:08"]

1. e4 c6 2. d4 d5 3. e5 Bf5 4. Nf3 e6 5. Be2 Ne7 6. O-O Nd7 7. Nbd2 Ng6 8. Nb3 f6 9. exf6 Qxf6 10. Bg5 Qf7 11. Bh4 Bd6 12. Bg3 Bf4 13. Bd3 O-O 14. Re1 Rae8 15. Bxf5 Qxf5 16. Qd3 Qf6 17. c4 h5 18. h4 Qf7 19. cxd5 exd5 20. Na5 Nf6 21. Qf5 Ne4 22. Qxf7+ Rxf7 23. Bxf4 Nxf4 24. Ng5 Rfe7 25. Nxe4 Rxe4 26. Rxe4 Rxe4 27. Nxb7 Ne2+ 28. Kf1 Nxd4 29. g3 Nf3 30. Rc1 Ne5 31. Nc5 Rb4 32. b3 Kf7 33. Ke2 Kf6 34. f3 Ke7 35. Nd3 Nxd3 36. Kxd3 Kd6 37. Re1 Rb8 38. g4 Rf8 39. Re3 Rf4 40. gxh5 Rxh4 41. Re1 Rxh5 42. Rg1 Rf5 43. Rg6+ Kc5 44. Ke3 Re5+ 45. Kd3 Re7 46. Kc3 a5 47. Kd3 Rf7 48. Rg3 Kb5 49. a3 c5 50. Kc3 a4 51. b4 cxb4+ 52. axb4 Rc7+ 53. Kd4 a3 54. f4 Kxb4 55. Kxd5 a2 56. Rg1 Kb3 57. Ke6 Kb2 58. f5 a1=Q 0-1


[Site "https://www.chess.com"]

[Event "Titled Tuesday Blitz March 21 Late 2023"]
[White "Carlsen, Magnus"]
[Black "Van Foreest, Jorden"]
[WhiteFideId "1503014"]
[BlackFideId "1039784"]
[WhiteElo "2852"]
[BlackElo "2633"]
[Result "1-0"]
[Round "11"]
[TimeControl "180+2"]
[Date "2023.03.21"]
[WhiteClock "0:00:24"]
[BlackClock "0:00:04"]

1. c4 Nf6 2. Nc3 g6 3. e4 d6 4. d4 Bg7 5. Be2 O-O 6. Be3 c5 7. d5 e6 8. Nf3 exd5 9. cxd5 b5 10. Bxb5 Nxe4 11. Nxe4 Qa5+ 12. Nc3 Bxc3+ 13. bxc3 Qxb5 14. Qb3 Ba6 15. Qxb5 Bxb5 16. Nd2 Nd7 17. c4 Ba6 18. O-O Rfe8 19. Rfc1 Rab8 20. Rc3 Rb6 21. Bf4 f6 22. h4 Kf7 23. Rac1 Ne5 24. Ra3 Re7 25. f3 Kg7 26. Rcc3 h6 27. Rcb3 Bc8 28. Rxa7 Rxa7 29. Rxb6 g5 30. hxg5 hxg5 31. Bxe5 dxe5 32. Ne4 Rxa2 33. Rxf6 Rc2 34. Rc6 Bf5 35. Nxc5 g4 36. fxg4 Bxg4 37. d6 Rd2 38. d7 Kf7 39. Rc8 Bxd7 40. Rc7 Ke8 41. Rxd7 Rxd7 42. Nxd7 Kxd7 43. Kf2 Kd6 44. Ke3 Kc5 45. Ke4 1-0


[Site "https://www.chess.com"]

[Event "Titled Tuesday Blitz March 21 Late 2023"]
[White "Ibarra Jerez, Jose Carlos"]
[Black "Sarana, Alexey"]
[WhiteFideId "2226332"]
[BlackFideId "24133795"]
[WhiteElo "2638"]
[BlackElo "2714"]
[Result "0-1"]
[Round "11"]
[TimeControl "180+2"]
[Date "2023.03.21"]
[WhiteClock "0:00:13"]
[BlackClock "0:00:16"]

1. e4 c5 2. Ne2 d6 3. g3 e5 4. Bg2 h5 5. c3 h4 6. d4 h3 7. Bf3 Qf6 8. Qd3 Nc6 9. dxc5 Be6 10. cxd6 O-O-O 11. Nd2 Rxd6 12. Qe3 g6 13. Ng1 Bh6 14. Qe2 Nge7 15. Nc4 Rd7 16. Bxh6 Rxh6 17. Bg4 Kc7 18. Bxe6 Qxe6 19. Nf3 f6 20. O-O Rh8 21. b4 Rhd8 22. b5 Rd3 23. Nb2 Rxc3 24. bxc6 Qg4 25. Qb5 Qxf3 26. Qxb7+ Kd6 27. Rfd1+ Ke6 28. Kf1 Qh1+ 29. Ke2 Qxe4+ 30. Kf1 Qg2+ 31. Ke2 Rc2+ 0-1


[Site "https://www.chess.com"]

[Event "Titled Tuesday Blitz March 21 Late 2023"]
[White "Gholami Orimi, Mahdi"]
[Black "Erigaisi Arjun"]
[WhiteFideId "12558486"]
[BlackFideId "35009192"]
[WhiteElo "2363"]
[BlackElo "2737"]
[Result "1-0"]
[Round "11"]
[TimeControl "180+2"]
[Date "2023.03.21"]
[WhiteClock "0:00:51"]
[BlackClock "0:00:26"]

1. d4 d6 2. Nf3 g6 3. g3 Bg7 4. Bg2 Nd7 5. O-O e5 6. e4 Ngf6 7. Re1 O-O 8. c4 Re8 9. Nc3 exd4 10. Nxd4 Ng4 11. h3 Nge5 12. Qe2 Nc5 13. Be3 Bd7 14. Rad1 Qc8 15. Kh2 h5 16. f4 Nc6 17. Qc2 h4 18. g4 Nxd4 19. Bxd4 Bxd4 20. Rxd4 Ne6 21. Qd2 Nxd4 22. Qxd4 Bc6 23. b4 b6 24. g5 Qe6 25. Nd1 f5 26. gxf6 Rf8 27. b5 Bb7 28. e5 Bxg2 29. Kxg2 Rad8 30. Qe4 Kh7 31. Nf2 Rf7 32. Re2 d5 33. cxd5 Rxd5 34. a4 Rdd7 35. Qf3 Rd4 36. Ne4 Kg8 37. Ng5 Qf5 38. Nxf7 Kxf7 39. e6+ Kxf6 40. e7 1-0


[Site "https://www.chess.com"]

[Event "Titled Tuesday Blitz March 21 Late 2023"]
[White "Sargsyan, Shant"]
[Black "Indjic, Aleksandar"]
[WhiteFideId "13306766"]
[BlackFideId "911925"]
[WhiteElo "2628"]
[BlackElo "2614"]
[Result "0-1"]
[Round "11"]
[TimeControl "180+2"]
[Date "2023.03.21"]
[WhiteClock "0:00:14"]
[BlackClock "0:00:57"]

1. c4 e5 2. g3 h5 3. h3 Nc6 4. Nc3 Bb4 5. Bg2 Bxc3 6. bxc3 d6 7. d3 Bd7 8. Rb1 b6 9. Nf3 Nge7 10. e4 f6 11. Nd2 h4 12. Nf1 hxg3 13. fxg3 Be6 14. Ne3 Qd7 15. g4 Ng6 16. Nf5 Nd8 17. h4 Nf8 18. h5 Bg8 19. Be3 Nde6 20. d4 g6 21. hxg6 Rxh1+ 22. Bxh1 Nxg6 23. g5 Qh7 24. Bf3 O-O-O 25. c5 dxc5 26. d5 Nxg5 27. Bxg5 fxg5 28. Qa4 g4 29. Be2 Kb8 30. Kd2 Nf4 31. Ne3 Nxd5 32. Nxg4 Nf4+ 33. Kc2 Nxe2 34. Nf6 Qh2 35. Nd7+ Rxd7 36. Qxd7 Nd4+ 0-1


[Site "https://www.chess.com"]

[Event "Titled Tuesday Blitz March 21 Late 2023"]
[White "Bluebaum, Matthias"]
[Black "Zakhartsov, Vladimir"]
[WhiteFideId "24651516"]
[BlackFideId "4145097"]
[WhiteElo "2638"]
[BlackElo "2521"]
[Result "0-1"]
[Round "11"]
[TimeControl "180+2"]
[Date "2023.03.21"]
[WhiteClock "0:00:06"]
[BlackClock "0:00:05"]

1. d4 Nf6 2. c4 e6 3. Nc3 Bb4 4. e3 d5 5. Bd2 O-O 6. Nf3 Re8 7. Rc1 c6 8. Bd3 Nbd7 9. O-O Bd6 10. e4 dxe4 11. Nxe4 Nxe4 12. Bxe4 e5 13. Bg5 Qc7 14. c5 Bf8 15. b4 h6 16. Bh4 exd4 17. Qxd4 Ne5 18. Bg3 Nxf3+ 19. Bxf3 Qd7 20. Qc3 Qf5 21. Rfe1 Rxe1+ 22. Rxe1 Be6 23. Be4 Qg5 24. h4 Qh5 25. Bb1 Rd8 26. Kh2 Be7 27. Re5 Qd1 28. Bc2 Qd2 29. Qxd2 Rxd2 30. Bb3 Bf6 31. Re4 Bxb3 32. axb3 Rd4 33. Re8+ Kh7 34. h5 Rxb4 35. Re3 Bd4 36. Re7 Bxc5 37. Rxf7 Bd4 38. Rd7 c5 39. f4 Rxb3 40. Bh4 a5 41. g4 a4 42. g5 hxg5 43. fxg5 a3 0-1


[Site "https://www.chess.com"]

[Event "Titled Tuesday Blitz March 21 Late 2023"]
[White "Alekseenko, Kirill"]
[Black "Van Foreest, Lucas"]
[WhiteFideId "4135539"]
[BlackFideId "1039792"]
[WhiteElo "2683"]
[BlackElo "2519"]
[Result "0-1"]
[Round "11"]
[TimeControl "180+2"]
[Date "2023.03.21"]
[WhiteClock "0:02:21"]
[BlackClock "0:02:22"]

1. d4 g5 2. f4 gxf4 3. Bxf4 d5 4. Nf3 Bf5 5. e3 Nd7 6. Bd3 Bg6 7. O-O Ngf6 8. c4 c6 9. Nc3 Bg7 10. Ne5 Nxe5 11. Bxe5 O-O 12. cxd5 Nxd5 13. Bxg7 Kxg7 14. Qe2 e5 15. dxe5 Nxc3 0-1


[Site "https://www.chess.com"]

[Event "Titled Tuesday Blitz March 21 Late 2023"]
[White "Timmermans, Mark"]
[Black "Maghsoodloo, Parham"]
[WhiteFideId "1026399"]
[BlackFideId "12539929"]
[WhiteElo "2460"]
[BlackElo "2647"]
[Result "0-1"]
[Round "11"]
[TimeControl "180+2"]
[Date "2023.03.21"]
[WhiteClock "0:00:12"]
[BlackClock "0:00:11"]

1. b4 d5 2. Bb2 Bf5 3. e3 Nd7 4. Nf3 h6 5. c4 e6 6. b5 Ngf6 7. a4 a5 8. Be2 Bb4 9. O-O O-O 10. Nc3 Re8 11. d4 Ne4 12. Nxe4 Bxe4 13. Nd2 Bg6 14. Rc1 Nb6 15. Bc3 Bxc3 16. Rxc3 e5 17. c5 exd4 18. exd4 Nd7 19. c6 bxc6 20. Rxc6 Nb6 21. Re1 Re7 22. Nf3 f6 23. Bf1 Rxe1 24. Nxe1 Qe7 25. Rc5 Re8 26. Nf3 Bf7 27. h3 Nc4 28. Bxc4 dxc4 29. Qd2 Qe4 30. Qxa5 Bd5 31. Qxc7 Qb1+ 32. Kh2 Bxf3 33. gxf3 Qf1 34. Qg3 Re2 35. b6 Rxf2+ 36. Qxf2 Qxf2+ 37. Kh1 Qxf3+ 38. Kh2 c3 39. a5 Qf4+ 40. Kg2 c2 41. b7 Qe4+ 42. Kf2 Qxb7 43. Rxc2 Qb4 44. a6 Qxd4+ 45. Ke1 Qa1+ 0-1


[Site "https://www.chess.com"]

[Event "Titled Tuesday Blitz March 21 Late 2023"]
[White "Urazayev, Arystanbek"]
[Black "Andreikin, Dmitry"]
[WhiteFideId "13709810"]
[BlackFideId "4158814"]
[WhiteElo "2479"]
[BlackElo "2736"]
[Result "0-1"]
[Round "11"]
[TimeControl "180+2"]
[Date "2023.03.21"]
[WhiteClock "0:00:01"]
[BlackClock "0:00:13"]

1. e4 e5 2. Nf3 Nc6 3. Bc4 Bc5 4. d3 Nf6 5. Nc3 d6 6. Na4 Bb6 7. a3 Be6 8. Bxe6 fxe6 9. O-O O-O 10. b4 Qe8 11. Nxb6 axb6 12. Be3 Ng4 13. b5 Ne7 14. a4 Qh5 15. h3 Nxe3 16. fxe3 Ng6 17. c4 Rf6 18. Ra2 Qh6 19. Qe1 Nf8 20. Nh2 Rxf1+ 21. Nxf1 Nd7 22. a5 bxa5 23. Rxa5 Rf8 24. Ra7 Nc5 25. d4 exd4 26. exd4 Nd3 27. Qd1 Nf2 28. Qe2 Qg6 29. Kh2 Nxe4 30. Rxb7 h5 31. Nd2 Qg3+ 32. Kg1 Ng5 33. Kh1 Rf2 34. Rb8+ Kf7 35. Qxh5+ g6 36. Qg4 Qxg4 37. hxg4 Rxd2 38. Rb7 Kf6 39. Rxc7 Rxd4 40. b6 Rd1+ 41. Kh2 Rb1 42. b7 Ne4 43. g5+ Kxg5 0-1


[Site "https://www.chess.com"]